 Dungeon Crawl Stone Soup version 0.30.1-4-g462c640d31 (webtiles) character file.

Game seed: 9888308804289254256

532 boopmooplesden the Covered (level 7, -1/62 HPs)
             Began as an Armataur Fighter on Sept 13, 2023.
             Slain by a black bear (2 damage)
             ... on level 5 of the Dungeon.
             The game lasted 00:04:21 (3554 turns).

boopmooplesden the Covered (Armataur Fighter)       Turns: 3554, Time: 00:04:23

Health: -1/62      AC:  7    Str: 23    XL:     7   Next: 3%
Magic:  7/7        EV:  7    Int:  9    God:
Gold:   129        SH:  4    Dex:  9    Spells: 6/6 levels left

rFire   . . .        a - +1 flail
rCold   . . .        c - +0 buckler
rNeg    . . .        b - +0 scale mail
rPois   .            (no helmet)
rElec   .            (no cloak)
rCorr   .            (no gloves)
SInv    .            (no barding)
Will    .....        (no amulet) Stlth
                     (no ring)
HPRegen 0.30/turn    (no ring)
MPRegen 0.10/turn

%: roll
@: no status effects
A: large, rugged brown scales 3, deformed body, armoured tail, roll, long
tongue, awkward tongue
a: no special abilities


You were on level 5 of the Dungeon.
You visited 1 branch of the dungeon, and saw 5 of its levels.

You collected 129 gold pieces.

Inventory:

Hand Weapons
 a - a +1 flail (weapon)
Missiles
 v - 4 boomerangs (quivered)
Armour
 b - a +0 scale mail (worn)
 c - a +0 buckler (worn)
Jewellery
 i - a ring of resist corrosion
 o - an amulet of magic regeneration
 t - a ring of ice
 u - an amulet of faith
 w - a ring of flight
Wands
 m - a wand of polymorph (8)
Scrolls
 g - a scroll of poison
 h - a scroll of teleportation
 j - a scroll of fog
 x - a scroll of blinking {unknown}
 y - a scroll of immolation {unknown}
Potions
 d - a potion of might
 e - 2 potions of mutation
 f - a potion of ambrosia
 k - 2 potions of curing
 l - a potion of brilliance {unknown}
 n - a potion of haste
 p - a potion of heal wounds {unknown}
 q - a potion of cancellation {unknown}
 r - a potion of magic {unknown}
 s - 2 potions of lignification


   Skills:
 + Level 3.9 Fighting
 + Level 4.1 Maces & Flails
 + Level 6.4 Armour
 + Level 1.0 Dodging
 + Level 0.4 Stealth
 + Level 3.9 Shields


You had 6 spell levels left.
You didn't know any spells.
Your spell library contained the following spells:

 Spells                   Type           Power      Damage    Failure   Level
 Apportation              Tloc           0%         N/A       75%         1
 Ignite Poison            Fire/Tmut/Pois 0%         N/A       98%         3
 Sticky Flame             Conj/Fire      0%         2d3       100%        4
 Alistair's Intoxication  Tmut/Pois      0%         N/A       100%        5
 Ignition                 Fire           0%         3d3       100%        8


Dungeon Overview and Level Annotations

Branches:
Dungeon (5/15)             Temple (0/1) D:4

Altars:
Gozag
Zin
The Shining One


Innate Abilities, Weirdness & Mutations

You are completely covered in rugged brown scales. (AC +3, +7% HP)
Armour fits poorly on your strangely shaped body.
You have a long armoured tail.
You roll when moving toward enemies. (Rampage)
Your long tongue fully drains potion bottles. (2x potion effects)
Your tongue gives you trouble enunciating. (1.5x scroll delay)


Message History

The black bear is severely wounded.
You block the black bear's attack. x2; The black bear closely misses you.
You block the black bear's attack. The black bear claws you.
The black bear barely misses you.
You hit the black bear.
The black bear is almost dead.
The black bear goes berserk!
You barely miss the black bear. You tail-slap the black bear.
The black bear is almost dead.
The black bear bites you! The black bear barely misses you.
The black bear claws you but does no damage.
The black bear bites you. The black bear claws you.
The black bear claws you but does no damage.
You closely miss the black bear.
The black bear is almost dead.
The black bear bites you but does no damage.
The black bear claws you. The black bear completely misses you.
You hit the black bear but do no damage.
The black bear is almost dead.
The black bear bites you. You block the black bear's attack. x2
The black bear bites you!
The black bear claws you but does no damage.
The black bear claws you.
* * * LOW HITPOINT WARNING * * *
You hit the black bear but do no damage.
The black bear is almost dead.
The black bear completely misses you. You block the black bear's attack.
The black bear claws you.
* * * LOW HITPOINT WARNING * * *
You block the black bear's attack.
The black bear claws you but does no damage.
The black bear barely misses you.
You barely miss the black bear.
The black bear is almost dead.
The black bear bites you!
* * * LOW HITPOINT WARNING * * *
The black bear barely misses you. The black bear claws you.
* * * LOW HITPOINT WARNING * * *
The black bear bites you.
You die...

+.♣.♣.♣.'..##
##..#####~.♣.♣.~##...
....#..#~..♣..~#####
...#.##~~~.~~~#
.....####'#### ....#
#..# ....#####.####
########(..#.......#
#.....@............#
#.###h###.##....##.#
#o#......#..# ##
#.#########.>.. ..
###### #. PP ..


You could see a black bear (berserk) and an orc.

Vanquished Creatures
  The ghost of GrumpyGrim72 the Conjurer, an amateur DrCj (D:4)
  A kobold brigand (D:4)
  A water moccasin zombie (D:4)
  A hound (D:4)
  A centaur skeleton (D:4)
  Jessica (D:2)
  An iguana (D:5)
  An orc wizard (D:3)
  4 adders
  A dart slug (D:4)
  9 orcs
  6 endoplasms
  3 giant cockroaches (D:2)
  9 hobgoblins
  6 jackals
  7 quokkas
  4 ball pythons
  6 bats
  6 frilled lizards
  7 goblins
  14 kobolds
  10 rats
100 creatures vanquished.

Notes
Turn   | Place    | Note
-------+----------+-------------------------------------------
     0 | D:1      | boopmooplesden the Armataur Fighter began the quest for the
                  | Orb.
     0 | D:1      | Reached XP level 1. HP: 19/19 MP: 1/1
   118 | D:1      | Reached XP level 2. HP: 23/27 MP: 2/2
   492 | D:1      | Reached skill level 4 in Armour
   566 | D:1      | Reached XP level 3. HP: 28/33 MP: 3/3
   848 | D:2      | Noticed Jessica
   852 | D:2      | Killed Jessica
   902 | D:2      | Reached XP level 4. HP: 36/40 MP: 4/4
  1704 | D:3      | Found an opulent altar of Gozag.
  1795 | D:3      | Found a faded altar of an unknown god.
  1932 | D:3      | Reached XP level 5. HP: 18/48 MP: 5/5
  2494 | D:4      | Found a runed translucent gate.
  2494 | D:4      | Found a runed translucent gate.
  2494 | D:4      | Found a runed translucent gate.
  2582 | D:4      | Reached skill level 5 in Armour
  2718 | D:4      | Found a staircase to the Ecumenical Temple.
  2761 | D:4      | Found a glowing golden altar of the Shining One.
  2803 | D:4      | Reached XP level 6. HP: 36/54 MP: 6/6
  3042 | D:4      | Noticed GrumpyGrim72's ghost (amateur DrCj)
  3062 | D:4      | Killed GrumpyGrim72's ghost
  3063 | D:4      | Reached skill level 6 in Armour
  3063 | D:4      | Reached skill level 1 in Dodging
  3069 | D:4      | HP: 2/55 [water moccasin zombie (2)]
  3265 | D:5      | Entered Level 5 of the Dungeon
  3282 | D:5      | Reached XP level 7. HP: 42/62 MP: 7/7
  3464 | D:5      | Found a glowing silver altar of Zin.
  3554 | D:5      | HP: 1/62 [black bear (5)]
  3554 | D:5      | Slain by a black bear

Illustrated notes

Levels and vault maps discovered:
D:1:      wander_arrival_fairy_ring, layout_loops_cross, lexackson_kobold_supper
D:2:      layout_loops_ring, nicolae_kite_square_tiling_tiny,
          minmay_pentomino_w4, uniq_jessica
D:3:      layout_rooms, mainiacjoe_overflow_brackets,
          hellmonk_ecumenical_altar_zigzags
D:4:      layout_loops_ring, mainiacjoe_overflow_six_doors_small,
          minmay_temple_entry_from_below_a, gammafunk_ghost_necromancy
D:5:      layout_basic, nicolae_dithmenos_the_darkroom, zin_scriptorium,
          lemuel_coloured_pillars_altar, minmay_hedge_maze,
          kennysheep_generic_room_10, uniq_menkaure

Skill      XL: |  1  2  3  4  5  6 |
---------------+-------------------+-----
Fighting       | 3 |  3.9
Maces & Flails | 2 3 4 |  4.1
Armour         | 4 5 6 |  6.4
Dodging        | 1 |  1.0
Stealth        | |  0.4
Shields        | |  3.9

Action                     |  1- 3 |  4- 6 |  7- 9 || total
---------------------------+-------+-------+-------++-------
  Melee: Flail             |   102 |   193 |    12 ||   307
         Tailslap          |    10 |    23 |     1 ||    34
    Use: Scroll            |       |    10 |       ||    10
         Potion            |       |     2 |       ||     2
 Armour: Scale mail        |    64 |   133 |     9 ||   206
  Dodge: Dodged            |    39 |    51 |     7 ||    97
  Block: Buckler           |    22 |    41 |     9 ||    72
